Map: Oxide LE

Players

Namshar - Winner!

  • Race: Zerg Zerg
  • League: Master

Scarlett

  • Race: Protoss Protoss

Event: DreamHack SC2 Masters 2021 Summer

VOD

Have the link to the VOD?

Description

Time

  • Played on: May 30, 2021, 4:14 p.m.
  • Length: 13:16

All games in this series

Show
View Real Time Build Order
Export as new Build Order

Namshar Zerg - Winner!

Build Orders: Hatch First 

Get SALT Encoding   

  12  0:00  Drone  
  13  0:13  Overlord  
  13  0:17  Drone  
  14  0:31  Drone x2  
  16  0:47  Hatchery  
  15  0:51  Drone  
  15  0:54  Drone  
  17  0:58  Drone  
  18  1:08  Extractor  
  17  1:13  Spawning Pool  
  17  1:16  Drone  
  17  1:20  Drone  
  18  1:33  Drone  
  18  1:39  Drone  
  20  1:49  Overlord  
  20  2:00  Queen x2  
  20  2:01  Zergling x4  
  26  2:10  Drone  
  26  2:11  Drone  
  28  2:17  Metabolic Boost  
  28  2:22  Drone x2  
  30  2:32  Drone  
  30  2:33  Drone  
  32  2:42  Hatchery  
  31  2:45  Drone  
  31  2:48  Overlord  
  32  2:53  Zergling x2  
  33  3:04  Drone x2  
  35  3:10  Drone x7  
  42  3:18  Overlord x2  
  41  3:25  Queen  
  43  3:32  Overlord  
  43  3:35  Queen  
  43  3:39  Drone x2  
  47  3:42  Zergling x2  
  47  3:48  Overlord  
  48  3:50  Zergling x2  
  48  3:51  Drone x2  
  48  3:54  Queen  
  53  3:55  Drone  
  53  3:56  Drone  
  53  3:58  Zergling x2  
  56  4:06  Overlord  
  56  4:07  Drone  
  57  4:13  Spore Crawler  
  57  4:15  Spore Crawler  
  57  4:16  Drone x7  
  62  4:21  Overlord  
  62  4:23  Drone x2  
  64  4:27  Spore Crawler  
  64  4:28  Drone  
  65  4:31  Drone  
  65  4:32  Lair  
  65  4:35  Drone  
  64  4:38  Drone  
  64  4:39  Extractor  
  64  4:40  Extractor  
  64  4:45  Drone x5  
  68  4:51  Baneling Nest  
  67  4:53  Drone x2, Evolution Chamber  
  67  4:54  Drone  
  67  4:55  Extractor  
  67  4:56  Drone x2  
  67  4:58  Drone  
  71  5:04  Spore Crawler  
  71  5:07  Drone x5  
  73  5:16  Zergling x2  
  73  5:20  Drone x8  
  81  5:22  Drone  
  81  5:25  Drone  
  81  5:26  Drone  
  83  5:29  Overlord  
  83  5:31  Zerg Melee Weapons Level 1  
  83  5:35  Hydralisk Den  
  82  5:39  Overseer  
  82  5:47  Queen  
  84  5:52  Overlord x2  
  84  5:55  Extractor  
  84  5:56  Hatchery  
  82  5:57  Extractor, Drone x2  
  80  6:09  Centrifical Hooks, Grooved Spines  
  80  6:16  Zergling x6  
  77  6:28  Drone x2  
  77  6:29  Drone x2  
  80  6:33  Drone x10  
  80  6:35  Infestation Pit  
  89  6:42  Drone  
  89  6:43  Drone x3  
  89  6:46  Overlord x2  
  93  6:47  Hydralisk x2  
  93  6:53  Hydralisk x3  
  103  6:57  Overlord  
  103  7:06  Overlord x2  
  103  7:07  Hydralisk x2  
  107  7:16  Extractor  
  107  7:19  Hydralisk x5  
  107  7:21  Muscular Augments  
  116  7:27  Zerg Melee Weapons Level 2  
  116  7:31  Hydralisk  
  116  7:32  Zergling x14  
  116  7:37  Drone  
  125  7:42  Drone  
  125  7:43  Drone  
  127  7:46  Evolution Chamber  
  127  7:48  Hatchery  
  127  7:49  Hydralisk, Zergling x2  
  127  7:50  Zergling x22  
  139  7:56  Drone x3  
  142  8:07  Baneling x8  
  142  8:14  Drone x4  
  142  8:15  Drone x2  
  142  8:19  Hive  
  147  8:21  Zerg Missile Weapons Level 1  
  147  8:22  Spire  
  147  8:24  Drone x2  
  147  8:25  Extractor  
  147  8:28  Drone x2, Overlord x4  
  147  8:29  Overlord x3  
  147  8:31  Baneling x13  
  149  8:40  Overseer  
  149  8:42  Pneumatized Carapace  
  149  8:49  Drone  
  149  8:50  Drone x2, Spine Crawler  
  149  8:51  Spine Crawler x2, Spore Crawler  
  149  8:54  Baneling x12  
  148  8:58  Hydralisk, Zergling x12  
  152  9:13  Drone x2  
  152  9:16  Hydralisk, Zergling x14  
  152  9:17  Zergling x16  
  170  9:27  Drone  
  170  9:28  Drone, Spine Crawler  
  170  9:30  Spine Crawler, Spore Crawler  
  168  9:34  Greater Spire, Adrenal Glands  
  168  9:42  Baneling x2  
  168  9:43  Baneling x2  
  167  9:46  Drone x2  
  167  9:49  Spine Crawler  
  167  9:51  Corruptor x5  
  178  9:52  Corruptor  
  178  9:55  Baneling x6  
  177  10:12  Hydralisk  
  177  10:13  Zergling x38  
  190  10:27  Corruptor  
  189  10:36  Zerg Melee Weapons Level 3  
  189  10:37  Zerg Ground Armor Level 1  
  189  10:39  Baneling x6  
  189  10:45  Brood Lord  
  189  10:46  Brood Lord x2  
  192  10:51  Brood Lord  
  193  11:01  Hydralisk, Zergling x4  
  193  11:02  Zergling x28  
  186  11:09  Brood Lord x2  
  179  11:12  Zergling x28  
  193  11:19  Baneling  
  193  11:20  Brood Lord  
  193  11:22  Hydralisk  
  193  11:23  Zergling x4  
  199  11:31  Zergling x2  
  182  11:45  Hydralisk, Zergling x2  
  182  11:46  Zergling x12  
  178  11:48  Hydralisk  
  178  11:49  Zergling x18  
  167  12:03  Hydralisk  
  167  12:04  Hydralisk x7  
  181  12:14  Hydralisk x10  
  192  12:16  Baneling  
  192  12:17  Baneling x11  
  190  12:31  Extractor  
  190  12:32  Extractor  
  188  12:38  Hydralisk  
  188  12:39  Hatchery, Zergling x20  
Show
View Real Time Build Order
Export as new Build Order

Scarlett Protoss 

Build Orders: 1 Gate Expand, Oracle Opening, Archon Immortal, Carriers 

Get SALT Encoding   

  12  0:00  Probe  
  13  0:12  Probe  
  14  0:17  Pylon  
  14  0:24  Probe (Chrono Boost)  
  15  0:36  Probe (Chrono Boost)  
  15  0:37  Gateway  
  16  0:44  Probe (Chrono Boost)  
  16  0:46  Assimilator  
  17  0:51  Probe  
  18  1:03  Probe  
  19  1:13  Pylon  
  19  1:15  Probe  
  20  1:29  Nexus  
  20  1:34  Probe  
  20  1:38  Cybernetics Core  
  21  1:44  Assimilator  
  21  1:46  Probe  
  22  1:52  Pylon  
  22  1:58  Probe  
  23  2:10  Probe  
  23  2:15  Adept  
  26  2:21  Stargate  
  26  2:22  Probe  
  27  2:31  Warp Gate  
  27  2:35  Probe (Chrono Boost)  
  28  2:41  Probe (Chrono Boost)  
  29  2:46  Adept  
  29  2:47  Probe (Chrono Boost)  
  29  2:50  Probe (Chrono Boost)  
  33  2:52  Probe (Chrono Boost)  
  33  2:55  Probe (Chrono Boost)  
  35  2:59  Void Ray (Chrono Boost)  
  35  3:01  Probe  
  36  3:07  Probe  
  41  3:13  Probe  
  41  3:19  Probe, Pylon  
  43  3:21  Adept  
  43  3:25  Probe, Assimilator  
  43  3:27  Assimilator  
  46  3:35  Gateway  
  46  3:37  Probe x2, Oracle (Chrono Boost)  
  51  3:50  Probe x2  
  51  3:52  Pylon  
  53  4:02  Probe  
  54  4:13  Probe, Nexus  
  54  4:14  Probe  
  54  4:15  Pylon  
  56  4:24  Adept  
  58  4:25  Probe  
  58  4:26  Probe  
  58  4:27  Robotics Facility  
  58  4:30  Forge  
  60  4:37  Probe  
  60  4:38  Probe  
  62  4:42  Shield Battery  
  62  4:45  Pylon  
  62  4:48  Sentry x2  
  62  4:49  Probe  
  62  4:50  Probe  
  68  4:54  Pylon  
  68  5:01  Probe  
  68  5:02  Probe  
  70  5:12  Warp Prism (Chrono Boost)  
  70  5:14  Probe x2, Protoss Ground Weapons Level 1  
  74  5:26  Probe x2, Gateway  
  74  5:28  Twilight Council  
  72  5:31  Probe  
  73  5:38  Probe x2  
  73  5:40  Observer  
  76  5:43  Probe  
  76  5:46  Assimilator  
  76  5:49  Adept  
  79  5:50  Probe, Assimilator, Adept  
  79  5:52  Probe  
  79  5:53  Pylon  
  83  5:59  Immortal (Chrono Boost)  
  83  6:01  Probe  
  86  6:07  Charge, Pylon  
  86  6:08  Probe x2  
  86  6:10  Templar Archives  
  88  6:13  Probe  
  89  6:20  Probe  
  90  6:30  Gateway  
  90  6:31  Probe x2, Gateway  
  90  6:32  Gateway  
  88  6:36  Gateway x2  
  88  6:39  Photon Cannon  
  88  6:41  Photon Cannon  
  88  6:43  Shield Battery, Immortal (Chrono Boost)  
  88  6:45  Psionic Storm  
  92  6:57  High Templar x3  
  92  7:00  Photon Cannon  
  98  7:03  Probe  
  98  7:04  Probe x2  
  101  7:11  Pylon  
  101  7:13  Pylon x2  
  101  7:17  Pylon  
  101  7:22  Pylon  
  101  7:24  Protoss Ground Weapons Level 2 (Chrono Boost)  
  101  7:25  Immortal (Chrono Boost)  
  105  7:30  High Templar x3  
  105  7:31  Zealot  
  105  7:32  Zealot x4  
  107  7:56  High Templar x2  
  111  7:59  Zealot x3  
  111  8:00  Immortal (Chrono Boost)  
  111  8:02  Nexus  
  111  8:03  Pylon  
  111  8:04  High Templar x2  
  125  8:06  Archon  
  125  8:08  Archon  
  125  8:15  Pylon  
  125  8:18  Protoss Air Weapons Level 1 (Chrono Boost)  
  123  8:23  Photon Cannon  
  123  8:25  Photon Cannon  
  123  8:26  Shield Battery  
  123  8:27  Zealot x4  
  123  8:29  Pylon  
  123  8:31  Probe x2  
  123  8:32  Probe  
  123  8:33  Pylon  
  134  8:38  Photon Cannon  
  134  8:39  Shield Battery  
  134  8:41  Immortal (Chrono Boost)  
  138  8:49  High Templar  
  138  8:50  High Templar x2  
  138  8:51  High Templar  
  138  8:53  Photon Cannon  
  146  8:55  Archon  
  146  8:58  Zealot x3  
  152  9:04  Pylon  
  142  9:12  Stargate, Assimilator  
  142  9:13  Stargate  
  142  9:16  Zealot  
  140  9:21  Fleet Beacon  
  140  9:22  Assimilator  
  140  9:23  Probe x2  
  142  9:29  Immortal (Chrono Boost)  
  138  9:38  Probe  
  141  9:50  Probe  
  140  9:54  Gateway  
  140  10:02  Probe  
  141  10:12  Zealot x4  
  141  10:13  Probe x2  
  148  10:14  Probe  
  148  10:18  High Templar x4  
  148  10:20  Probe  
  139  10:24  Carrier (Chrono Boost)  
  139  10:25  Probe x2, Carrier (Chrono Boost)  
  139  10:26  Probe  
  154  10:30  Archon x2  
  154  10:32  Probe  
  149  10:37  Probe  
  149  10:38  Probe x2, Gateway  
  149  10:40  Carrier (Chrono Boost), Shield Battery  
  154  10:52  Probe x4  
  152  11:17  Warp Prism  
  154  11:19  Carrier (Chrono Boost)  
  158  11:25  High Templar  
  158  11:27  Carrier (Chrono Boost)  
  128  11:48  High Templar x3  
  128  11:50  Zealot x5  
  128  11:53  Immortal  
  148  12:05  Carrier (Chrono Boost)  
  140  12:27  Probe x2  
  140  12:28  Probe  
  135  12:30  High Templar x3  
  135  12:34  Nexus  
  141  12:37  Pylon  
  141  12:43  Pylon  
  141  12:47  High Templar  
  115  13:08  High Templar x2  
  115  13:10  Zealot x4  
Tags
 
Add a new tag
Caveats
  • Supply blocks, unpowered buildings, or Contaminate may cause inaccurate times.
  • Supply counts are checked every 10 seconds.